 Dungeon Crawl Stone Soup version 0.29-a0-1027-gcd8c55af63 (webtiles) character file.

Game seed: 4252108415835252665

24 ytrimaz the Caller (level 3, 21/21 HPs)
             Began as an Octopode Summoner on Aug 11, 2022.
             Quit the game on level 1 of the Dungeon on Aug 12, 2022.
             The game lasted 00:01:50 (1171 turns).

ytrimaz the Caller (Octopode Summoner)              Turns: 1171, Time: 00:01:51

Health: 21/21      AC:  1    Str:  5 (7)  XL:     3   Next: 2%
Magic:  6/6        EV: 13    Int: 18 (19) God:
Gold:   19         SH:  0    Dex: 10 (12) Spells: 3/6 levels left

rFire   . . .      SeeInvis .   (no weapon)
rCold   . . .      Faith    .   (no shield)
rNeg    . . .      Spirit   .   (helmet restricted)
rPois   .          Reflect  .   (no amulet)
rElec   .          Harm     .   (no ring)
rCorr   .          Rampage  .   (no ring)
Will    .....                   (no ring)
Stlth   +++.......              (no ring)
HPRegen 0.07/turn               (no ring)
MPRegen 0.10/turn               (no ring)
                                (no ring)
                                (no ring)

@: no status effects
A: almost no armour, amphibious, 8 rings, camouflage 1, gelatinous body 1,
(nimble swimmer 1), tentacles
a: no special abilities


You were on level 1 of the Dungeon.
You visited 1 branch of the dungeon, and saw 1 of its levels.

You collected 19 gold pieces.

Inventory:

Potions
 a - a potion of magic
 b - 2 potions of curing


   Skills:
 - Level 2.0 Dodging
 - Level 2.6 Stealth
 + Level 2.3 Spellcasting
 + Level 4.6 Summonings


You had 3 spell levels left.
You knew the following spells:

 Your Spells              Type           Power      Damage    Failure   Level
a - Summon Small Mammal   Summ           76%        N/A       2%          1
b - Call Imp              Summ           19%        N/A       3%          2

Your spell library contained the following spells:

 Spells                   Type           Power      Damage    Failure   Level
 Call Canine Familiar     Summ           19%        N/A       8%          3
 Magic Dart               Conj           8%         1d3       17%         1
 Summon Guardian Golem    Hex/Summ       10%        N/A       21%         3
 Mephitic Cloud           Conj/Pois/Air  2%         N/A       45%         3
 Summon Lightning Spire   Summ/Air       10%        N/A       54%         4


Dungeon Overview and Level Annotations

Branches:
Dungeon (1/15)

Altars:


Innate Abilities, Weirdness & Mutations

You cannot wear most types of armour.
You are amphibious.
You can wear up to eight rings at the same time.
Your skin changes colour to match your surroundings (Stealth+).
Your rubbery body absorbs attacks. (AC +1, EV +1)
((You are camouflaged when in or above water. (Stealth+)))
You have tentacles for arms and can constrict up to eight enemies at once.


Message History

Your bat hits the hobgoblin but does no damage.
Your bat closely misses the hobgoblin.
Your crimson imp barely misses the hobgoblin.
Your bat hits the hobgoblin.
Your rat bites the hobgoblin but does no damage.
Your crimson imp blinks!
Your bat hits the hobgoblin. The hobgoblin misses you.
Your rat bites the hobgoblin but does no damage.
Your crimson imp hits the hobgoblin.
You closely miss the hobgoblin. You grab the hobgoblin.
Your squeeze misses the hobgoblin.
The hobgoblin is heavily wounded.
You constrict the hobgoblin, but do no damage.
Your bat hits the hobgoblin. The hobgoblin hits you.
Your rat bites the hobgoblin but does no damage.
Your crimson imp hits the hobgoblin.
The hobgoblin dies!
You have reached level 3!
Your experience leads to an increase in your attributes!
Your base attributes are Str 7, Int 17, Dex 12.
Increase (S)trength, (I)ntelligence, or (D)exterity?
You feel clever. x2
Your rat disappears in a puff of smoke!
Your crimson imp blinks!
Your bat disappears in a puff of smoke!
Your crimson imp blinks!
Your crimson imp blinks!
You see here a +0 mace.
Key pressed, stopping explore.
You see here a staff of poison.
You open the door.
There is an open door here.
There is a fountain of clear blue water here.
There is an open door here.
Your crimson imp blinks!
Your crimson imp disappears in a puff of smoke!
Found a club.
A rat comes into view.
A rat is nearby!
Are you sure you want to abandon this character and quit the game? (Confirm with "yes".)

# . #+#r .P#. ##8#.#
.P#).## #.##..##### ###
#PP##@....#
##.#####._P#####.#####
##......##.P#P'.#.....#
#........##.#.#.#.....#
#.........#(..#.#.....#
#......)..#8###.#.....#
##.......|#....P#.....#
###
##.......#'#####.#####
#.# #####.#....##...#
#####.#


You could see a rat (asleep).

Vanquished Creatures
  A goblin (D:1)
  A quokka (D:1)
  A rat (D:1)
3 creatures vanquished.

Vanquished Creatures (collateral kills)
  A ball python (D:1)
  2 endoplasms (D:1)
  2 giant cockroaches (D:1)
  2 hobgoblins (D:1)
  2 jackals (D:1)
  A bat (D:1)
  4 goblins (D:1)
  3 kobolds (D:1)
  2 rats (D:1)
19 creatures vanquished.

Grand Total: 22 creatures vanquished

Notes
Turn   | Place    | Note
-------+----------+-------------------------------------------
     0 | D:1      | ytrimaz the Octopode Summoner began the quest for the Orb.
     0 | D:1      | Reached XP level 1. HP: 11/11 MP: 3/3
   147 | D:1      | Upgraded the game from 0.29-a0-1023-g6ae1a4a2c7 to
                  | 0.29-a0-1027-gcd8c55af63
   149 | D:1      | Reached XP level 2. HP: 17/17 MP: 1/5
   152 | D:1      | Learned a level 2 spell: Call Imp
   818 | D:1      | Found a faded altar of an unknown god.
  1044 | D:1      | Reached XP level 3. HP: 16/21 MP: 2/6
  1171 | D:1      | Quit the game

Illustrated notes

Levels and vault maps discovered:
D:1:      minmay_arrival_semitransparent, layout_rooms,
          shapermc_ecumenical_altar_ellora, minmay_fountain_box,
          serial_bayou_lagoon_a, hangedman_decor_riveting

Action                   || total
-------------------------++-------
Melee: Unarmed           ||    16
       Constrict         ||     8
       Tentacles         ||     4
       Punch             ||     1
 Cast: Summon Small Mamm ||    28
       Call Imp          ||     1
  Use: Potion            ||     2
Armor: Skin              ||     5
Dodge: Dodged            ||    34

Table legend: (Time is in decaauts)
 A = Elapsed time spent in this place.
 B = Non-inter-level travel time spent in this place.
 C = Inter-level travel time spent in this place.
 D = Time resting spent in this place.
 E = Time spent auto-exploring this place.
 F = Levels seen in this place.
 G = Mean time per level.
                   A        B        C        D        E       F      G
               +--------+--------+--------+--------+--------+-----+--------+
         Total |   1170 |   1170 |      0 |    310 |    654 |   1 | 1170.0 |
       Dungeon |   1170 |   1170 |      0 |    310 |    654 |   1 | 1170.0 |
               +--------+--------+--------+--------+--------+-----+--------+

Top non-repeatable levels by time:
     D:1: 1170 daAuts
